 Dungeon Crawl Stone Soup version 0.30-a0-586-g23e55c9e0a (webtiles) character file.

Game seed: 6431233015234835814

3669 bmack86 the Cleaver (level 9, -2/81 HPs)
             Began as a Minotaur Fighter on Jan 3, 2023.
             Was a Priest of Okawaru.
             Slain by a gnoll sergeant
             ... wielding a +0 glaive
              (6 damage)
             ... in a bailey.
             The game lasted 00:16:29 (6317 turns).

bmack86 the Cleaver (Minotaur Fighter)              Turns: 6317, Time: 00:16:30

Health: -2/81      AC: 17    Str: 24    XL:     9   Next: 89%
Magic:  8/9        EV:  6    Int:  5    God:    Okawaru [***...]
Gold:   359        SH:  5    Dex: 11    Spells: 8/8 levels left

rFire   + . .      SeeInvis .    a - +1 war axe
rCold   x . .      Faith    .    c - +0 buckler
rNeg    . . .      Spirit   .    x - +0 plate armour
rPois   .          Reflect  .    (helmet restricted)
rElec   .          Harm     .    (no cloak)
rCorr   .          Rampage  .    (no gloves)
Will    .....                    (no boots) Stlth
                                 (no amulet)
HPRegen 0.33/turn                s - +4 ring of protection
MPRegen 0.11/turn                o - ring of fire

@: mighty
A: horns 2, retaliatory headbutt
a: Renounce Religion, Heroism


You were in a bailey.
You worshipped Okawaru.
Okawaru was most pleased with you.
You visited 2 branches of the dungeon, and saw 9 of its levels.
You also visited: Bailey.

You collected 359 gold pieces.

Inventory:

Hand Weapons
 a - a +1 war axe (weapon)
 y - a +3 heavy broad axe
Missiles
 h - 7 javelins
 v - 26 poisoned darts
 w - 6 boomerangs (quivered)
 F - 8 throwing nets
Armour
 b - a +0 scale mail
 c - a +0 buckler (worn)
 k - a +0 chain mail
 q - quicksilver dragon scales
 x - a +0 plate armour (worn)
Jewellery
 e - a +6 ring of intelligence
 o - a ring of fire (right hand)
 s - a +4 ring of protection (left hand)
Wands
 n - a wand of digging (6)
 z - a wand of polymorph (7)
 A - a wand of flame (8)
Scrolls
 g - 5 scrolls of teleportation
 m - a scroll of fog
 t - 3 scrolls of blinking
Potions
 f - 2 potions of berserk rage {unknown}
 i - a potion of magic {unknown}
 j - a potion of flight {unknown}
 l - 2 potions of resistance
 p - a potion of degeneration {unknown}
 r - 3 potions of mutation
 u - 2 potions of lignification {unknown}
 B - a potion of cancellation {unknown}
 C - a potion of haste {unknown}
 D - a potion of heal wounds {unknown}
 E - a potion of brilliance {unknown}


   Skills:
 + Level 7.8 Fighting
 * Level 10.2 Axes
 + Level 5.4 Throwing
 + Level 7.7 Armour
 + Level 7.8 Shields
 + Level 1.6 Invocations


You had 8 spell levels left.
You didn't know any spells.
Your spell library contained the following spells:

 Spells                   Type           Power      Damage    Failure   Level
 Apportation              Tloc           0%         N/A       100%        1
 Necrotise                Necr           0%         1d4       100%        1
 Portal Projectile        Hex/Tloc       0%         N/A       100%        3
 Leda's Liquefaction      Hex/Erth       0%         N/A       100%        4
 Summon Small Mammal      Summ           Unusable   N/A       N/A         1
 Call Canine Familiar     Summ           Unusable   N/A       N/A         3

Dungeon Overview and Level Annotations

Branches:
Dungeon (8/15)             Temple (1/1) D:4          Bailey (1/1)
   Lair: D:8-11

Altars:
Dithmenos
Gozag
Okawaru
Uskayaw
Wu Jian
Xom
Yredelemnul
The Shining One

Shops:
D:7 (


Innate Abilities, Weirdness & Mutations

You have a pair of horns on your head.
You reflexively headbutt those who attack you in melee.


Message History

The wolf completely misses you.
You slash the gnoll sergeant! You headbutt the gnoll sergeant.
You kill the gnoll sergeant!
Okawaru accepts your kill.
You hit the wolf. You slash the wolf! The wolf closely misses you.
You furiously retaliate!
You headbutt the wolf!
You kill the wolf!
Okawaru accepts your kill. You block the wolf's attack.
The gnoll sergeant hits you from afar with a +0 glaive!
* * * LOW HITPOINT WARNING * * *
The gnoll closely misses you. You block the gnoll sergeant's attack.
The gnoll hits you but does no damage. The wolf bites you but does no damage.
You block the wolf's attack. The gnoll hits you but does no damage.
The gnoll sergeant hits you from afar with a +0 glaive.
* * * LOW HITPOINT WARNING * * *
You block the gnoll sergeant's attack. The gnoll completely misses you.
You furiously retaliate!
You headbutt the gnoll!
Things that are here:
a +0 halberd; a +0 plate armour; a gnoll corpse You block the wolf's attack.
The gnoll hits you with a +0 halberd.
* * * LOW HITPOINT WARNING * * *
The gnoll sergeant hits you from afar with a +0 glaive.
* * * LOW HITPOINT WARNING * * *
The gnoll hits you but does no damage. The wolf bites you but does no damage.
Things that are here:
a +0 trident; a throwing net; a +0 chain mail You closely miss the gnoll.
You hit the wolf. You slash the gnoll!
You kill the gnoll!
Okawaru accepts your kill. The wolf barely misses you.
You block the gnoll's attack.
The gnoll sergeant hits you but does no damage. x2
The wolf bites you.
* * * LOW HITPOINT WARNING * * *
You hit the wolf. Your headbutt misses the wolf.
The wolf is severely wounded.
You slash the gnoll! The wolf bites you but does no damage.
You block the gnoll's attack.
The gnoll sergeant hits you from afar with a +0 glaive.
You die...

♣≈. #.).).#####)..# #..
♣≈..#....##...##..+ #..
♣≈..##'###.....######..
♣≈....).#....)))#...'..
♣≈....).'...8).)'...'..
♣≈....(.#.....))#...'..
♣≈..##(###.....######..
♣≈..#)h))##...## #..
♣≈. #.@)g.##### #.. ♣≈.
#.g)g...... #.. ♣≈
##......... #..
##.8...... ###..
######### #...≈
≈≈≈≈≈≈≈≈≈ ♣♣♣♣♣♣♣♣♣


You could see 2 gnoll sergeants, a wolf and a gnoll.

Vanquished Creatures
  A steam dragon (D:7)
  4 water moccasins
  An orc warrior (D:7)
  An ice beast (D:7)
  2 sky beasts
  2 black bears (D:6)
  An ogre (D:6)
  4 wolves (Bailey)
  A centaur (D:8)
  2 phantoms
  A kobold brigand (D:7)
  A bullfrog (D:7)
  5 gnoll sergeants (Bailey)
  3 necrophages
  8 scorpions
  5 hounds
  6 gnoll boudas (Bailey)
  6 iguanas
  2 orc wizards
  18 gnolls (Bailey)
  5 adders
  A shadow imp (D:8)
  2 white imps
  An ufetubus (D:4)
  A dart slug (D:2)
  17 orcs
  7 ball pythons
  3 endoplasms
  3 giant cockroaches
  8 hobgoblins
  8 jackals
  9 kobolds
  2 quokkas
  4 bats
  A frilled lizard (D:1)
  3 goblins
  4 rats
153 creatures vanquished.

Notes
Turn   | Place    | Note
-------+----------+-------------------------------------------
     0 | D:1      | bmack86 the Minotaur Fighter began the quest for the Orb.
     0 | D:1      | Reached XP level 1. HP: 19/19 MP: 0/0
   173 | D:1      | Reached XP level 2. HP: 27/27 MP: 1/1
   215 | D:1      | Reached skill level 3 in Axes
   683 | D:2      | Reached XP level 3. HP: 33/33 MP: 2/2
  1223 | D:3      | Found a faded altar of an unknown god.
  1289 | D:3      | Found a glowing golden altar of the Shining One.
  2023 | D:4      | Found a shimmering altar of Xom.
  2026 | D:4      | Found a shadowy altar of Dithmenos.
  2028 | D:4      | Found an opulent altar of Gozag.
  2126 | D:4      | Reached XP level 4. HP: 40/40 MP: 3/3
  2179 | D:4      | Reached skill level 1 in Throwing
  2186 | D:4      | Reached skill level 4 in Axes
  2356 | D:4      | Found a staircase to the Ecumenical Temple.
  2373 | Temple   | Entered the Ecumenical Temple
  2379 | Temple   | Became a worshipper of Warmaster Okawaru
  2504 | D:4      | Noticed a scorpion
  2510 | D:4      | Killed a scorpion
  2511 | D:4      | Reached XP level 5. HP: 47/47 MP: 4/4
  2719 | D:5      | Entered Level 5 of the Dungeon
  2891 | D:5      | Noticed a phantom
  2903 | D:5      | Killed a phantom
  2904 | D:5      | Reached skill level 5 in Axes
  2904 | D:5      | Reached XP level 6. HP: 55/55 MP: 5/5
  2932 | D:5      | Reached * piety under Okawaru
  2937 | D:5      | Reached skill level 5 in Fighting
  2937 | D:5      | Reached skill level 5 in Shields
  3170 | D:5      | Reached skill level 5 in Armour
  3583 | D:5      | Noticed a water moccasin
  3589 | D:5      | Killed a water moccasin
  3590 | D:5      | Reached XP level 7. HP: 61/61 MP: 6/6
  3624 | D:5      | Reached skill level 6 in Axes
  3729 | D:5      | Identified a scroll of acquirement
  3729 | D:5      | Acquired a +2 heavy broad axe
  3785 | D:6      | Reached ** piety under Okawaru
  3886 | D:6      | Reached XP level 8. HP: 63/70 MP: 7/7
  3911 | D:6      | Reached skill level 7 in Axes
  4225 | D:6      | Reached *** piety under Okawaru
  4418 | D:6      | Reached skill level 8 in Axes
  4738 | D:7      | Found Godioc's Antique Weapon Shoppe.
  4749 | D:7      | Reached XP level 9. HP: 75/78 MP: 8/8
  5198 | D:8      | Reached skill level 9 in Axes
  5212 | D:8      | Reached **** piety under Okawaru
  5222 | D:8      | Found a flagged portal.
  5556 | Bailey   | Entered a bailey
  5627 | Bailey   | Reached skill level 5 in Throwing
  6026 | Bailey   | HP: 2/79 [gnoll bouda/+0 spear (6)]
  6029 | Bailey   | Reached skill level 1 in Invocations
  6305 | Bailey   | Reached skill level 10 in Axes
  6316 | Bailey   | HP: 3/81 [wolf (3)]
  6317 | Bailey   | Slain by a gnoll sergeant

Illustrated notes

Levels and vault maps discovered:
D:1:      lightli_iron_boxes, layout_rooms
D:2:      layout_rooms
D:3:      layout_basic, tso_metal_star,
          hellmonk_ecumenical_altar_pennies_from_heaven
D:4:      layout_basic, grunt_temple_overflow_open,
          minmay_temple_entry_butterflies
D:5:      layout_loops_corners
D:6:      layout_gridville
D:7:      layout_basic, serial_shops, nicolae_diamond_shop
D:8:      layout_rooms, erik_lair_orcish_takeover, enter_bailey_8
Temple:   zaba_magenta_temple
Bailey:   bailey_polearm_gnolls_kennysheep, bailey

Skill      XL: |  1  2  3  4  5  6  7  8  9 |
---------------+----------------------------+-----
Axes           | 3 4 5 6 8 10 | 10.2
Shields        | 4 5 6 7 |  7.8
Armour         | 4 5 6 7 |  7.7
Fighting       | 4 5 6 7 |  7.8
Throwing       | 1 2 3 4 5 |  5.4
Invocations    | 1 |  1.6

Action                   |  1- 3 |  4- 6 |  7- 9 || total
-------------------------+-------+-------+-------++-------
Melee: War axe           |    77 |    74 |   167 ||   318
       Headbutt          |     7 |    13 |    38 ||    58
       Broad axe         |       |       |    17 ||    17
Throw: Boomerang         |    15 |     7 |     8 ||    30
Invok: Heroism           |       |       |     7 ||     7
       Finesse           |       |       |     1 ||     1
  Use: Scroll            |     5 |       |     8 ||    13
       Potion            |       |       |     2 ||     2
Armor: Scale mail        |    23 |       |       ||    23
       Quicksilver drago |    23 |    42 |   124 ||   189
       Chain mail        |     5 |       |       ||     5
       Plate armour      |       |       |    61 ||    61
Dodge: Dodged            |    54 |    40 |   158 ||   252
Block: Buckler           |    29 |    22 |   108 ||   159

Table legend: (Time is in decaauts)
 A = Elapsed time spent in this place.
 B = Non-inter-level travel time spent in this place.
 C = Inter-level travel time spent in this place.
 D = Time resting spent in this place.
 E = Time spent auto-exploring this place.
 F = Levels seen in this place.
 G = Mean time per level.
                   A        B        C        D        E       F      G
               +--------+--------+--------+--------+--------+-----+--------+
         Total |   6390 |   6229 |    161 |    768 |   3768 |  10 |  639.0 |
       Dungeon |   5626 |   5465 |    161 |    262 |   3768 |   8 |  703.2 |
        Temple |     14 |     14 |      0 |      0 |      0 |   1 |   14.0 |
        Bailey |    749 |    749 |      0 |    506 |      0 |   1 |  749.0 |
               +--------+--------+--------+--------+--------+-----+--------+

Top non-repeatable levels by time:
     D:5: 1037 daAuts
     D:6: 925 daAuts
     D:3: 916 daAuts
     D:4: 776 daAuts
  Bailey: 749 daAuts
     D:1: 586 daAuts
     D:7: 549 daAuts
     D:2: 469 daAuts
     D:8: 365 daAuts
  Temple: 14 daAuts
